 Dungeon Crawl Stone Soup version 0.20.1-1-g8b1a95d (console) character file.

3826 bli the Thaumaturge (level 10, 0/74 HPs)
             Began as a Merfolk Ice Elementalist on July 29, 2017.
             Was a Believer of Ru.
             Slain by a human
             ... wielding a +0 hand axe
              (9 damage)
             ... on level 7 of the Dungeon.
             The game lasted 00:40:59 (7744 turns).

bli the Thaumaturge (Merfolk Ice Elementalist)      Turns: 7744, Time: 00:40:59

Health: 0/74       AC:  7    Str:  8    XL:     10   Next: 17%
Magic:  6/22       EV: 17    Int: 16    God:    Ru [**....]
Gold:   454        SH:  0    Dex: 17    Spells: 21/25 levels left

rFire    x . .     SeeInvis .   a - +0 spear
rCold    + . .     Gourm    .   (no shield)
rNeg     + . .     Faith    +   D - +0 robe
rPois    .         Spirit   .   x - +0 helmet
rElec    .         Reflect  .   (no cloak)
rCorr    .         Harm     .   N - +2 pair of gloves
MR       .....                  g - +0 pair of boots
Stlth    +++.......             q - amulet of faith
Regen    0.3/turn               r - ring of positive energy
MPRegen  0.2/turn               B - ring of ice

@: no status effects
A: change form in water, swift swim, stealthy swim, inability to use devices
a: Renounce Religion


You were on level 7 of the Dungeon.
You worshipped Ru.
Ru was pleased with you.
You were not hungry.

You visited 2 branches of the dungeon, and saw 8 of its levels.

You collected 454 gold pieces.

Inventory:

Hand Weapons
 a - a +0 spear (weapon)
 b - a +0 dagger of speed
 l - a +0 dagger
 E - a +0 spear
 J - a +4 dire flail of draining
 M - a +1 whip of freezing
 O - a +0 giant club
Missiles
 f - 300 stones (quivered)
Armour
 g - a +0 pair of boots (worn)
 i - a +0 shield
 x - a +0 helmet (worn)
 z - a +0 large shield
 D - a +0 robe (worn)
 N - a +2 pair of gloves (worn)
Jewellery
 q - an amulet of faith (around neck)
 r - a ring of positive energy (left hand)
 u - an uncursed ring of flight
 B - a ring of ice (right hand)
Scrolls
 d - 2 scrolls of amnesia {unknown}
 e - 8 scrolls of identify {unknown}
 j - a scroll of recharging {unknown}
 k - 2 scrolls of teleportation {unknown}
 v - 4 scrolls of remove curse {unknown}
 A - a scroll of noise {unknown}
 G - a scroll of immolation {unknown}
 H - a scroll of random uselessness {unknown}
 I - a scroll of magic mapping {unknown}
Potions
 h - 2 potions of heal wounds {unknown}
 m - a potion of brilliance {unknown}
 o - a potion of lignification
 p - a potion of mutation {unknown}
 w - 2 potions of agility {unknown}
 C - 2 potions of curing {unknown}
 K - 3 potions of cancellation {unknown}
Books
 y - a book of Frost

   Spells                             Type                      Level
   a - Freeze                         Ice                          1
   b - Throw Frost                    Conjuration/Ice              2
   c - Ozocubu's Armour               Charms/Ice                   3
   d - Throw Icicle                   Conjuration/Ice              4
   e - Summon Ice Beast               Ice/Summoning                4
 F - a book of Maledictions

   Spells                             Type                      Level
   a - Corona                         Hexes                        1
   b - Ensorcelled Hibernation        Hexes/Ice                    2
   c - Confuse                        Hexes                        3
   d - Tukima's Dance                 Hexes                        3
   e - Dazzling Spray                 Conjuration/Hexes            3
Comestibles
 c - 5 bread rations
 n - 9 fruits
 t - 4 meat rations
 L - 2 royal jellies


   Skills:
 * Level 5.2 Fighting
 * Level 7.0 Polearms
 * Level 6.8 Dodging
 + Level 4.3 Stealth
 + Level 8.1 Spellcasting
   Level 0.7 Conjurations
 + Level 2.3 Charms
 - Level 8.0 Ice Magic


You had 21 spell levels left.
You knew the following spells:

 Your Spells              Type           Power        Failure   Level  Hunger
a - Freeze                Ice            ####         1%          1    None
O - Ozocubu's Armour      Chrm/Ice       ####....     4%          3    #......


Dungeon Overview and Level Annotations

Branches:
Dungeon (7/15)             Temple (1/1) D:4

Altars:
Ashenzari
Cheibriados
Gozag
Hepliaklqana
Kikubaaqudgha
Makhleb
Nemelex Xobeh
Okawaru
Qazlal
Ru
Sif Muna
Vehumet
Yredelemnul
Zin
The Shining One


Innate Abilities, Weirdness & Mutations

You revert to your normal form in water.
You are very nimble and swift while swimming.
You are very stealthy in the water. (Stealth+)
You cannot study or use magical devices.


Message History

The human is moderately wounded.
The human hits you with a hand axe!
* * * LOW HITPOINT WARNING * * *
Casting: Freeze
Confirm with . or Enter, or press ? or * to list all spells.
Aiming: Freeze
Press: ? - help, Shift-Dir - straight line, f/p - human
Aim: a human, wielding a hand axe and wearing an animal skin (moderately wounded, softly glowing)
You feel a surge of power!
You freeze the human.
The human is heavily wounded.
The human hits you but does no damage.
Casting: Freeze
Confirm with . or Enter, or press ? or * to list all spells.
Aiming: Freeze
Press: ? - help, Shift-Dir - straight line, f/p - human
Aim: a human, wielding a hand axe and wearing an animal skin (heavily wounded, softly glowing)
You feel a surge of power!
You freeze the human.
The human is almost dead.
The human hits you with a hand axe!
You die...

###### #### .....#
...# .....# ...#
#####'### ...#
##.#....%# ...#
###..'...%%# ...#
######..pY#######
...######....#.#####
...'............<..#
...#####..##.#.#p#.#
########..##.#.#@#.#
#........#.#.#.#.#
#.####.......#.#.#
#.# ##.#..####.#..
#.# #..........###
#.# #..#########
###.# #.........
..#.###..#######
..#......#
..######.# ..# #.#


You could see a human.

Vanquished Creatures
  Pikel (D:6)
  The ghost of Elrondos the Magician, a novice DsWz (D:6)
  A hornet (D:7)
  2 hogs (D:7)
  Edmund (D:6)
  An orc warrior (D:7)
  2 ice beasts
  2 sky beasts
  A black bear (D:6)
  A slave (D:6)
  A phantom (D:6)
  2 centaurs (D:7)
  4 ogres
  2 big kobolds (D:4)
  A bullfrog (D:7)
  3 scorpions
  A bullfrog zombie (D:7)
  A centaur zombie (D:6)
  2 howler monkeys
  A crimson imp (D:5)
  3 orc priests
  A hound (D:6)
  A bullfrog skeleton (D:5)
  A centaur skeleton (D:7)
  3 iguanas
  2 orc wizards
  6 worker ants
  3 gnolls (D:5)
  13 adders
  A howler monkey skeleton (D:7)
  A shadow imp (D:5)
  2 oozes
  3 adder skeletons
  2 worms
  6 dart slugs
  4 leopard geckos (D:3)
  18 orcs
  A giant cockroach (D:3)
  7 goblins
  10 hobgoblins
  5 jackals
  11 kobolds
  3 quokkas
  9 bats
  5 frilled lizards
  A quokka skeleton (D:4)
  8 rats
161 creatures vanquished.

Vanquished Creatures (others)
  A yak (D:7)
  An adder (D:6)
  2 plants (D:3)
4 creatures vanquished.

Grand Total: 165 creatures vanquished

Notes
Turn   | Place    | Note
-------+----------+-------------------------------------------
     0 | D:1      | bli the Merfolk Ice Elementalist began the quest for the Orb.
     0 | D:1      | Reached XP level 1. HP: 13/13 MP: 3/3
   220 | D:1      | Reached XP level 2. HP: 17/19 MP: 1/5
   947 | D:1      | Reached XP level 3. HP: 24/25 MP: 6/6
  1499 | D:2      | Reached skill level 1 in Fighting
  1499 | D:2      | Reached XP level 4. HP: 31/32 MP: 5/8
  2089 | D:3      | Reached XP level 5. HP: 32/37 MP: 1/10
  2096 | D:3      | You fall through a shaft!
  2224 | D:4      | Learned a level 3 spell: Ozocubu's Armour
  3119 | D:4      | Noticed an ogre
  3131 | D:4      | Killed an ogre
  3131 | D:4      | Reached skill level 5 in Ice Magic
  3131 | D:4      | Reached XP level 6. HP: 43/43 MP: 5/12
  3287 | D:4      | Found a staircase to the Ecumenical Temple.
  3296 | Temple   | Entered the Ecumenical Temple
  3399 | Temple   | Became a worshipper of Ru the Awakened
  3606 | D:4      | Reached skill level 1 in Charms
  3739 | D:4      | Reached XP level 7. HP: 49/49 MP: 11/13
  4009 | D:4      | Reached skill level 5 in Spellcasting
  4111 | D:5      | Entered Level 5 of the Dungeon
  4151 | D:5      | Found a sparkling altar of Nemelex Xobeh.
  4538 | D:5      | Found a stormy altar of Qazlal.
  4574 | D:5      | Found a glowing golden altar of the Shining One.
  4574 | D:5      | Found a hazy altar of Hepliaklqana.
  4639 | D:5      | Reached XP level 8. HP: 53/57 MP: 5/16
  5020 | D:6      | Gained mutation: You cannot study or use magical devices. [Ru sacrifice]
  5020 | D:6      | Reached * piety under Ru
  5020 | D:6      | Reached ** piety under Ru
  5234 | D:6      | HP: 2/87 [phantom (6)]
  5237 | D:6      | Reached skill level 1 in Polearms
  5593 | D:6      | Reached skill level 5 in Dodging
  5710 | D:6      | Noticed Elrondos's ghost (novice DsWz)
  5835 | D:6      | Killed Elrondos's ghost
  5896 | D:6      | Noticed Edmund
  6013 | D:6      | Killed Edmund
  6013 | D:6      | Reached XP level 9. HP: 57/65 MP: 7/19
  6104 | D:6      | Noticed Pikel
  6176 | D:6      | Killed Pikel
  6857 | D:5      | Reached skill level 5 in Polearms
  6976 | D:7      | Noticed a hornet
  6987 | D:7      | Killed a hornet
  7393 | D:7      | Reached skill level 5 in Fighting
  7452 | D:7      | Reached XP level 10. HP: 61/74 MP: 13/21
  7744 | D:7      | Slain by a human

Skill      XL: |  1  2  3  4  5  6  7  8  9 10 |
---------------+-------------------------------+-----
Dodging        | 3 4 5 6 |  6.8
Ice Magic      | 4 5 6 7 8 |  8.0
Fighting       | 1 2 3 5 |  5.2
Spellcasting   | 3 4 5 6 7 8 |  8.1
Charms         | 1 2 |  2.3
Stealth        | 3 4 |  4.3
Polearms       | 4 6 7 |  7.0
Conjurations   | |  0.7

Action                   |  1- 3 |  4- 6 |  7- 9 | 10-12 || total
-------------------------+-------+-------+-------+-------++-------
Melee: Unarmed           |    75 |    61 |       |       ||   136
       Tailslap          |       |     1 |     1 |       ||     2
       Dagger            |       |     1 |   130 |       ||   131
       Spear             |       |       |   328 |    46 ||   374
Throw: Stone             |       |       |     9 |       ||     9
 Cast: Freeze            |    55 |   101 |   170 |    34 ||   360
       Ozocubu's Armour  |       |       |    17 |     2 ||    19
Invok: Sacrifice Artific |       |       |     1 |       ||     1
  Use: Potion            |       |       |     1 |       ||     1
 Stab: Sleeping          |     6 |     6 |     7 |     1 ||    20
       Distracted        |       |     2 |     3 |     1 ||     6
       Invisible         |       |       |     5 |       ||     5
  Eat: Chunk             |     3 |     6 |    14 |     1 ||    24
Armor: Robe              |    13 |    21 |   115 |    10 ||   159
       Skin              |       |       |     3 |       ||     3
Dodge: Dodged            |    64 |   111 |   311 |    31 ||   517
